 Dungeon Crawl Stone Soup version 0.22-a0-247-gbddf880 (webtiles) character file.

149 JeffiDaFish the Firebug (level 5, 0/38 HPs)
             Began as a Draconian Fire Elementalist on Feb 27, 2018.
             Slain by a hippogriff (7 damage)
             ... on level 3 of the Dungeon on Feb 28, 2018.
             The game lasted 00:08:20 (2644 turns).

JeffiDaFish the Firebug (DrFE)                      Turns: 2644, Time: 00:08:20

Health: 0/38       AC:  8    Str: 11    XL:     5   Next: 9%
Magic:  0/9        EV: 12    Int: 16    God:
Gold:   58         SH:  0    Dex: 11    Spells: 2/10 levels left

rFire    . . .     SeeInvis .   c - +1 short sword
rCold    . . .     Gourm    .   (no shield)
rNeg     . . .     Faith    .   (armour unavailable)
rPois    .         Spirit   .   (helmet restricted)
rElec    .         Reflect  .   d - +2 cloak
rCorr    .         Harm     .   (no gloves)
MR       .....                  (no boots)
Stlth    ++........             (no amulet)
HPRegen  0.12/turn              (no ring)
MPRegen  0.11/turn              (no ring)

@: very slightly contaminated
A: unfitting armour, cold-blooded, AC +5
a: no special abilities


You were on level 3 of the Dungeon.
You were hungry.

You visited 1 branch of the dungeon, and saw 3 of its levels.

You collected 58 gold pieces.

Inventory:

Hand Weapons
 c - a +1 short sword (weapon)
Armour
 d - a +2 cloak (worn)
Scrolls
 b - a scroll of amnesia
 e - a scroll of immolation
 f - 2 scrolls of identify
 h - a scroll of remove curse
Comestibles
 a - 2 rations
 g - a chunk of flesh


   Skills:
 - Level 2.1 Dodging
 - Level 2.0 Stealth
 * Level 3.2 Spellcasting
 + Level 1.9 Conjurations
 * Level 4.4 Fire Magic


You had 2 spell levels left.
You knew the following spells:

 Your Spells              Type           Power        Failure   Level  Hunger
a - Flame Tongue          Conj/Fire      ##...        4%          1    None
b - Conjure Flame         Conj/Fire      ##......     14%         3    ###....
c - Sticky Flame          Conj/Fire      ##......     43%         4    ####...


Dungeon Overview and Level Annotations

Branches:
Dungeon (3/15)

Altars:

Annotations:
D:3 indyram44's ghost, weakling HOMo


Innate Abilities, Weirdness & Mutations

Your plain brown scales are hard. (AC +5)
You cannot fit into any form of body armour.
You are cold-blooded and may be slowed by cold attacks.


Message History

Some of the chunks of flesh in your inventory have rotted away.
Casting: Sticky Flame (quite dangerous; 43% risk of failure)
Confirm with . or Enter, or press ? or * to list all spells.
Aiming: Flame Tongue (safe; 4% risk of failure)
Press: ? - help, Shift-Dir - straight line, f/p - hippogriff
Aim: a hippogriff (heavily wounded, covered in liquid flames)
The flame tongue hits the hippogriff.
The hippogriff is heavily wounded.
The hippogriff burns!
The hippogriff bites you. The hippogriff closely misses you.
The hippogriff barely misses you.
You completely miss the hippogriff.
The hippogriff is severely wounded.
The hippogriff burns! x2; The hippogriff stops burning.
The hippogriff barely misses you. The hippogriff pecks you.
* * * LOW HITPOINT WARNING * * *
The hippogriff barely misses you.
You barely miss the hippogriff.
The hippogriff is almost dead.
The hippogriff bites you!
You die...

### #.###
#######
#....
#...@H#
#.###
#$###.#
#.###
###.###...
#####....
#.......###
#........
#.#.###.#
#......[.
#.#.# .#
#........
#.#.# .#
#.>......
#.#.# .#
#........
#.#.#
#........


You could see a hippogriff.

Vanquished Creatures
  An orc wizard (D:3)
  5 adders
  2 worms
  2 dart slugs
  A leopard gecko (D:2)
  6 orcs (D:3)
  10 bats
  5 giant cockroaches
  7 goblins
  5 hobgoblins
  3 frilled lizards
  4 kobolds
  7 rats
58 creatures vanquished.

Notes
Turn   | Place    | Note
-------+----------+-------------------------------------------
     0 | D:1      | JeffiDaFish the Draconian Fire Elementalist began the quest for the Orb.
     0 | D:1      | Reached XP level 1. HP: 14/14 MP: 3/3
   300 | D:1      | Reached XP level 2. HP: 20/20 MP: 3/5
  1116 | D:1      | Reached XP level 3. HP: 24/26 MP: 4/6
  1767 | D:3      | Noticed indyram44's ghost (weakling HOMo)
  1779 | D:2      | Learned a level 3 spell: Conjure Flame
  1814 | D:3      | Reached skill level 4 in Fire Magic
  2088 | D:3      | Reached XP level 4. HP: 33/33 MP: 3/8
  2154 | D:2      | Learned a level 4 spell: Sticky Flame
  2403 | D:3      | Reached XP level 5. HP: 19/38 MP: 0/9
  2633 | D:3      | Noticed a hippogriff
  2644 | D:3      | Slain by a hippogriff

Vault maps used:
D:1:      matt_arrival_spirals, minmay_pentomino_r4
D:3:      eat_drink_and_be_merry_uskayaw, trog_eyes_of_draining, first_ration,
          uniq_jessica, uniq_robin

Skill      XL: |  1  2  3  4 |
---------------+-------------+-----
Dodging        | 2 |  2.1
Stealth        | 2 |  2.0
Fire Magic     | 4 |  4.4
Spellcasting   | 3 |  3.2
Conjurations   | |  1.9

Action                   |  1- 3 |  4- 6 || total
-------------------------+-------+-------++-------
Melee: Unarmed           |     6 |       ||     6
       Short sword       |    52 |    30 ||    82
       Tailslap          |     6 |     2 ||     8
       War axe           |     3 |       ||     3
 Cast: Flame Tongue      |    52 |    36 ||    88
       Conjure Flame     |     2 |       ||     2
       Sticky Flame      |       |     1 ||     1
  Use: Scroll            |     8 |     2 ||    10
       Potion            |     1 |       ||     1
 Stab: Sleeping          |     1 |     1 ||     2
  Eat: Chunk             |     4 |     2 ||     6
Armor: Skin              |    30 |    20 ||    50
Dodge: Dodged            |    42 |    42 ||    84

Table legend:
 A = Spawn XP
 B = Non-spawn XP
 C = Spawn XP percentage of total XP
 D = Spawn monster count
 E = Non-spawn monster count
 F = Spawn count percentage of total count
 G = Total turns spent on level
                    A         B        C        D         E        F      G
               +---------+---------+-------+---------+---------+-------+---------
         Total |       0 |     213 |   0.0 |       0 |      58 |   0.0 |  2644
               +---------+---------+-------+---------+---------+-------+---------
           D:1 |       0 |      42 |   0.0 |       0 |      26 |   0.0 |  1365
           D:2 |       0 |      38 |   0.0 |       0 |      12 |   0.0 |   540
           D:3 |       0 |     133 |   0.0 |       0 |      20 |   0.0 |   739
               +---------+---------+-------+---------+---------+-------+---------
